 Dungeon Crawl Stone Soup version 0.27-a0-1324-ge0d8e047f6 (webtiles) character file.

Game seed: 12564919482270052166

295515 dickylongcocking the Warrior (level 21, 0/164 HPs)
             Began as a Djinni Fire Elementalist on June 23, 2021.
             Was the Champion of Makhleb.
             Slain by an Executioner (6 damage)
             ... summoned by Asterion
             ... on level 3 of the Vaults.
             The game lasted 01:47:36 (59847 turns).

dickylongcocking the Warrior (DjFE)                Turns: 59847, Time: 01:47:37

Health: 0/164      AC: 28    Str: 15    XL:     21   Next: 78%
Gold:   2876       EV: 27    Int: 28    God:    Makhleb [******] SH:  5 Dex: 14

rFire    + + +     SeeInvis .   g - staff of conjuration
rCold    x . .     Faith    .   N - +0 buckler
rNeg     + + +     Spirit   .   T - +2 storm dragon scales
rPois    ∞         Reflect  .   G - +2 helmet {Int+3}
rElec    +         Harm     .   a - +2 cloak {Will+}
rCorr    .         Rampage  .   s - +2 pair of gloves
Will     +++..                  (boots unavailable)
Stlth    ..........             e - amulet of the acrobat
HPRegen  0.37/turn              j - ring "Inaot" {rPois rF+ rN+++ Str+6 Stlth-}
MPRegen  0.00/turn              R - ring of wizardry

@: acrobatic, flying, very slightly contaminated, hasted, invisible, very quick
A: sickness immunity, fire resistance 2, cold vulnerability 1, float, innate
caster, hp casting, extra vitality 1
}: 2/15 runes: decaying, gossamer
a: Renounce Religion, Minor Destruction, Lesser Servant of Makhleb, Major
Destruction, Greater Servant of Makhleb


You were on level 3 of the Vaults.
You worshipped Makhleb.
Makhleb was exalted by your worship.
You visited 7 branches of the dungeon, and saw 35 of its levels.
You also visited: Volcano.

You collected 4130 gold pieces.
You spent 1254 gold pieces at shops.

Inventory:

Hand Weapons
 w - the +8 frozen axe "Frostbite" {freezing cloud, *Noise Fly rC+}
   (You took it off a vault sentinel on level 2 of the Vaults)

   It has been specially enchanted to freeze those struck by it, causing extra
   injury to most foes and up to half again as much damage against particularly
   susceptible opponents.
   It can also slow down cold-blooded creatures.
   It protects you from cold.
   It grants you flight.
   It may make noises in combat.
 E - the +8 whip of Blood {flame, *Slow rPois Will+}
   (You found it on level 7 of the Dungeon)

   It has been specially enchanted to burn those struck by it, causing extra
   injury to most foes and up to half again as much damage against particularly
   susceptible opponents.
   It protects you from poison.
   It may slow you when you take damage.
   It increases your willpower.
Armour
 a - a +2 cloak of willpower (worn)
 i - a +1 plate armour of cold resistance
 s - a +2 pair of gloves (worn)
 F - a +0 kite shield
 G - a +2 helmet of intelligence (worn)
 N - a +0 buckler (worn)
 T - +2 storm dragon scales (worn)
Magical Staves
 g - a staff of conjuration (weapon)
 n - a staff of cold
Jewellery
 d - a +6 ring of strength
 e - an amulet of the acrobat (around neck)
 j - the ring "Inaot" (left hand) {rPois rF+ rN+++ Str+6 Stlth-}
   (You bought it in a shop on level 2 of the Orcish Mines)

   [ring of protection from fire]

   It affects your strength (+6).
   It protects you from fire.
   It protects you from poison.
   It renders you almost immune to negative energy.
   It makes you less stealthy.
 o - a +6 ring of dexterity
 t - a ring of protection from fire
 y - a ring of protection from fire
 C - a +4 ring of evasion
 J - a ring of protection from fire
 R - a ring of wizardry (right hand)
 S - a ring of ice
 U - a +4 ring of evasion
 Y - a ring of see invisible
Wands
 b - a wand of digging (18)
 c - a wand of flame (36)
 q - a wand of paralysis (22)
 u - a wand of iceblast (37)
 x - a wand of acid (4)
 D - a wand of mindburst (9)
 I - a wand of charming (10)
Scrolls
 f - a scroll of enchant weapon
 k - 2 scrolls of silence
 p - 4 scrolls of immolation
 r - 4 scrolls of magic mapping
 v - 12 scrolls of identify
 X - a scroll of enchant armour
Potions
 h - 8 potions of curing
 l - 5 potions of brilliance
 m - a potion of invisibility
 A - 6 potions of might
 B - a potion of resistance
 H - a potion of haste
 M - 3 potions of cancellation
 O - 8 potions of berserk rage
 P - 5 potions of attraction
 V - 3 potions of ambrosia
 W - a potion of mutation
Miscellaneous
 L - a phantom mirror


   Skills:
 * Level 18.4 Fighting
 - Level 12.5 Armour
 - Level 14.0 Dodging
 - Level 9.3 Stealth
 - Level 4.0 Shields
 * Level 17.5 Spellcasting
 - Level 7.5 Evocations


You couldn't memorise any spells.
You knew the following spells:

 Your Spells              Type           Power      Damage    Failure   Level
a - Foxfire               Conj/Fire      100%       2x1d9     0%          1
b - Conjure Flame         Conj/Fire      100%       6-21      1%          3
c - Inner Flame           Hex/Fire       89%        N/A       1%          3
d - Sticky Flame          Conj/Fire      100%       2d11      1%          4
e - Fireball              Conj/Fire      55%        3d21      1%          5
f - Shock                 Conj/Air       100%       1d9       0%          1
g - Call Imp              Summ           89%        N/A       0%          2
h - Corpse Rot            Necr/Air       N/A        N/A       0%          2
i - Confusing Touch       Hex            89%        N/A       1%          3
j - Dispel Undead         Necr           89%        3d28      1%          4
k - Eringya's Noxious Bo  Tmut/Pois      44%        N/A       1%          6
l - Statue Form           Tmut/Erth      59%        N/A       1%          6
m - Shadow Creatures      Summ           N/A        N/A       1%          6
n - Necromutation         Tmut/Necr      44%        N/A       34%         8
v - Borgnjor's Vile Clut  Necr/Erth      44%        N/A       1%          5
Your spell library was empty.

Dungeon Overview and Level Annotations

Branches:
Dungeon (15/15)            Temple (1/1) D:7            Lair (6/6) D:8
  Swamp (4/4) Lair:2       Spider (4/4) Lair:4        Slime (0/5) Lair:6
    Orc (2/2) D:10            Elf (0/3) Orc:2        Vaults (3/5) D:13
  Crypt (0/3) Vaults:2     Depths (0/5) D:15        Volcano (visited)

Altars:
Ashenzari
Cheibriados
Dithmenos
Elyvilon
Fedhas
Gozag
Hepliaklqana
Kikubaaqudgha
Makhleb
Nemelex Xobeh
Okawaru
Qazlal
Ru
Sif Muna
Trog
Uskayaw
Vehumet
Wu Jian
Xom
Yredelemnul
Zin
The Shining One
Beogh
Lugonu

Shops:
Orc:2 [(=*   Vaults:1 =

Portals:
Hell: Lair:6

Annotations:
Orc:2 2 transporters, dolemite99's ghost, journeyman MiFi
Vaults:3 Asterion


Innate Abilities, Weirdness & Mutations

You are immune to sickness and miasma.
You are immune to poison.
Your flesh is very heat resistant. (rF++)
You are vulnerable to cold. (rC-)
You float through the air rather than walking.
You learn spells naturally, not from books.
Your magical power is your life essence.
You have superior vitality. (+4 HP)


Message History

* * * LOW HITPOINT WARNING * * *
The Executioner hits you but does no damage.
Unknown command.
Unknown command.
The Executioner hits you.
* * * LOW HITPOINT WARNING * * *
The Executioner hits you but does no damage.
You block the Executioner's attack.
There is an open door here.
Things that are here:
a +0 arbalest; 15 bolts; a yaktaur skeleton
Press: ? - help, v - describe, . - travel
Here: an Executioner (lightly wounded, summoned, fast)
The floor.
Okay, then.
Okay, then.
Okay, then.
Okay, then.
Press: ? - help, v - describe, . - travel
Here: an Executioner (lightly wounded, summoned, fast)
The floor.
You fade into invisibility!
The Executioner hits you but does no damage. x2
The Executioner hits you.
* * * LOW HITPOINT WARNING * * *
The Executioner hits you!
* * * LOW HITPOINT WARNING * * *
You block the Executioner's attack. The Executioner hits you.
* * * LOW HITPOINT WARNING * * *
Asterion hits you but does no damage.
You are very lightly contaminated with residual magic.
Unknown command.
Unknown command.
Press: ? - help, v - describe, . - travel
Here: an Executioner (lightly wounded, summoned, fast)
The floor.
The Executioner hits you but does no damage.
The Executioner completely misses you. x2
The Executioner closely misses you. The Executioner hits you.
You die...

#.......#### ##
#>......# #.....[.#
###########[####'###
#.#.#)..#.#)# #...#
##.#.#.#.#)######.####
#.#########.##.#...#.#
##.#.#.#1#)###.......#
#.###..@#)#.##.#...#.#
#u #.....#H.#####.####
#. ##...###.# #...# ##
#.#.#.#.#######'####
########.#........[#
#.#.#.#.##.).#.###.#
#...#H#.#...##..#.#
###'#####.......#.#
.H. #.......###


You could see an Executioner (summoned, fast).

Vanquished Creatures
  Rupert (Lair:4)
  Gastronok (Lair:2)
  A sphinx (Vaults:2)
  A fenstrider witch (Swamp:2)
  3 ghost moths
  An orc warlord (Orc:2)
  11 vault wardens
  3 emperor scorpions
  A war gargoyle (Vaults:3)
  9 ironbound preservers
  A red draconian (Volcano)
  7 entropy weavers
  2 dire elephants (Vaults:2)
  The ghost of Ticluibe the Imperceptible, a journeyman SpEn of Gozag (D:13)
  3 eleionomae
  2 bunyips (Swamp:3)
  An ettin (Vaults:2)
  Josephine (D:10)
  2 great orbs of eyes
  2 shambling mangroves (Swamp:3)
  2 yaktaur captains
  4 ironbound thunderhulks
  7 vault guards
  21 hydras
  Fannar (D:11)
  6 ironbound frosthearts
  20 centaur warriors
  11 boulder beetles
  A catoblepas (Lair:6)
  A ghost crab (Swamp:2)
  Erica (D:10)
  An ogre mage (Volcano)
  2 death knights
  The ghost of Manareshi the Cleaver, a novice HOFi of Okawaru (D:9)
  16 two-headed ogres
  2 peacekeepers
  7 alligators
  12 death yaks
  7 death scarabs (Spider:4)
  A tengu warrior (D:14)
  The ghost of dickylongcocking the Thaumaturge, a novice DjSu of Makhleb (D:9)
  Urug (D:13)
  3 ironbound beastmasters
  An orc high priest (Orc:2)
  A spectral emperor scorpion (Spider:4)
  A deep elf knight (D:15)
  A sixfirhy (Lair:6)
  14 skeletal warriors
  3 goliath frogs (Swamp:2)
  12 swamp dragons
  A spriggan druid (Swamp:3)
  5 orc knights
  10 wizards
  6 bog bodies
  4 spectral wolf spiders
  A deep elf archer (D:15)
  13 deep trolls
  A necromancer (D:15)
  6 ironbound convokers
  3 deep elf zephyrmancers (D:15)
  A wolf spider zombie (Spider:4)
  4 lindwurms
  3 deep elf pyromancers
  A harpy (Vaults:2)
  32 ugly things
  7 orb spiders
  A tengu skeleton (Vaults:2)
  4 will-o-the-wisps
  5 manticores
  23 wolf spiders
  4 orc sorcerers
  A sphinx skeleton (Vaults:2)
  2 moths of wrath
  2 stone giant skeletons (Vaults:2)
  5 cyclopes
  6 centaur zombies (D:10)
  2 human skeletons (Vaults:2)
  13 vault sentinels
  2 naga magi (D:15)
  9 black mambas
  6 elephants
  7 torpor snails
  A gargoyle (D:12)
  16 cane toads
  4 orange demons
  4 komodo dragons
  6 rime drakes
  15 yaktaurs
  Maggie (D:6)
  4 unseen horrors
  4 spectral redbacks (Spider:4)
  Psyche (D:9)
  A kobold demonologist (D:12)
  2 efreet
  A hellwing (Lair:6)
  2 redback zombies
  10 demonic crawlers
  2 freezing wraiths
  2 red devils (Lair:6)
  An ice devil (Lair:6)
  42 jumping spiders
  3 yaktaur skeletons (Vaults:2)
  6 trolls
  3 bloated husks
  2 polar bears
  18 hornets
  A spectral jumping spider (Spider:4)
  2 spectral tarantellas (Spider:4)
  5 tyrant leeches
  Grinder (D:3)
  18 blink frogs
  A tarantella zombie (Spider:4)
  25 slime creatures
  4 jumping spider zombies (Spider:4)
  4 small abominations (D:7)
  A dream sheep (Lair:6)
  2 centaur simulacra (D:15)
  82 redbacks
  11 wraiths
  7 spriggans
  32 tarantellas
  2 water elementals (D:14)
  29 yaks
  A shadow (D:11)
  2 fire elementals (D:13)
  16 humans (D:13)
  A vampire (D:12)
  3 fire bats (Lair:2)
  3 wyverns
  6 basilisks
  A steam dragon (Lair:3)
  2 elf skeletons (Vaults:2)
  20 vampire mosquitoes
  6 wargs
  21 swamp worms
  6 water moccasins
  29 orc warriors
  4 hell hounds (Lair:6)
  5 swamp drakes
  2 hornet zombies (Spider:4)
  3 sky beasts (D:6)
  A necrophage (D:6)
  4 black bears
  7 ogres
  5 boggarts (Vaults:2)
  12 wolves
  7 centaurs
  3 kobold brigands
  12 bullfrogs
  8 scorpions
  3 wyvern zombies
  6 killer bees (D:7)
  8 electric eels
  5 wights
  4 howler monkeys
  A bullfrog zombie (D:6)
  2 lava snakes (D:13)
  3 bullfrog skeletons
  15 orc priests
  3 hounds
  11 jellies
  5 centaur skeletons
  7 iguanas
  2 hell rats (D:8)
  27 orc wizards
  Robin (D:3)
  2 howler monkey zombies
  2 howler monkey skeletons
  4 adders
  2 shadow imps (D:5)
  A white imp (D:7)
  An ufetubus (D:7)
  An adder skeleton (D:4)
  6 worms
  3 dart slugs
  65 orcs
  4 bats
  20 endoplasms
  20 giant cockroaches
  16 goblins
  11 hobgoblins
  12 jackals
  7 kobolds
  5 quokkas
  11 ball pythons
  4 frilled lizards
  A goblin zombie (D:5)
  2 kobold skeletons (D:5)
  A kobold zombie (D:5)
  5 orc skeletons (D:5)
  An orc zombie (D:5)
  4 rats
  A bush (Lair:5)
  A plant (Lair:1)
1290 creatures vanquished.

Vanquished Creatures (collateral kills)
  the Lernaean hydra (Swamp:4)
  A crystal guardian (Vaults:2)
  An eleionoma (Swamp:3)
  A vault guard (Vaults:2)
  4 hydras
  A ghost crab (Swamp:4)
  3 swamp dragons (Swamp:4)
  An ugly thing (D:12)
  A will-o-the-wisp (Swamp:3)
  A demonic crawler (Spider:4)
  2 tyrant leeches (Swamp:3)
  A jumping spider zombie (Spider:4)
  A yak (D:10)
  2 swamp worms (Swamp:3)
  2 swamp drakes (Swamp:4)
  An orc priest (D:12)
  A worm (Lair:4)
  10 foxfires
35 creatures vanquished.

Vanquished Creatures (others)
  A hydra (Lair:6)
  2 death yaks (Lair:5)
  A nameless horror (Swamp:1)
  2 cane toads (Lair:6)
  3 elephants (Lair:6)
  A bloated husk (Swamp:1)
  2 yaks (Lair:5)
  A swamp worm (Swamp:4)
  2 water moccasins (Lair:6)
  864 foxfires
  46 fungi
  56 plants
  6 withered plants (D:9)
987 creatures vanquished.

Grand Total: 2312 creatures vanquished

Notes
Turn   | Place    | Note
-------+----------+-------------------------------------------
     0 | D:1      | dickylongcocking the Djinni Fire Elementalist began the
                  | quest for the Orb.
     0 | D:1      | Reached XP level 1. HP: 15/15 MP: 0/0
   140 | D:1      | Reached skill level 1 in Fighting
   141 | D:1      | Reached XP level 2. HP: 2/22 MP: 0/0
   491 | D:1      | Reached skill level 2 in Fighting
   808 | D:1      | Reached XP level 3. HP: 21/29 MP: 0/0
   808 | D:1      | Learned a level 1 spell: Shock
  1427 | D:1      | Found a faded altar of an unknown god.
  2057 | D:2      | Reached skill level 3 in Fighting
  2349 | D:2      | Reached XP level 4. HP: 29/37 MP: 0/0
  2972 | D:2      | Reached skill level 4 in Fighting
  3177 | D:3      | Reached XP level 5. HP: 36/41 MP: 0/0
  3177 | D:3      | Learned a level 2 spell: Call Imp
  3456 | D:3      | Found a snail-covered altar of Cheibriados.
  3461 | D:3      | Noticed Robin
  3476 | D:3      | Killed Robin
  3805 | D:3      | Noticed Grinder
  3832 | D:3      | Killed Grinder
  3833 | D:3      | Reached skill level 6 in Fighting
  3833 | D:3      | Reached XP level 6. HP: 13/51 MP: 0/0
  4450 | D:3      | Reached XP level 7. HP: 52/57 MP: 0/0
  4450 | D:3      | Learned a level 2 spell: Corpse Rot
  5093 | D:4      | Reached skill level 7 in Fighting
  5511 | D:4      | Identified the Collected Works on the Glacier and Heat
  5735 | D:5      | Entered Level 5 of the Dungeon
  5771 | D:5      | Found a glowing golden altar of the Shining One.
  6673 | D:5      | Reached XP level 8. HP: 24/64 MP: 0/0
  7928 | D:6      | Noticed Maggie
  7949 | D:6      | Killed Maggie
  7950 | D:6      | Reached skill level 8 in Fighting
  8496 | D:6      | Reached skill level 5 in Spellcasting
  8496 | D:6      | Reached XP level 9. HP: 48/71 MP: 0/0
  8496 | D:6      | Learned a level 3 spell: Confusing Touch
  8500 | D:6      | Reached skill level 9 in Fighting
  8815 | D:6      | Reached skill level 1 in Armour
  9124 | D:6      | Found a hide-covered altar of Uskayaw.
  9456 | D:7      | Found a staircase to the Ecumenical Temple.
  9477 | Temple   | Entered the Ecumenical Temple
  9879 | D:7      | Found a hazy altar of Hepliaklqana.
  9880 | D:7      | Identified the +8 whip of Blood {flame, *Slow rPois Will+}
 10391 | D:7      | Found a transporter.
 10394 | D:7      | Found a transporter.
 10396 | D:7      | Found a corrupted altar of Lugonu.
 10396 | D:7      | Noticed a purple ugly thing
 10396 | D:7      | Noticed a white ugly thing
 10551 | D:7      | Reached XP level 10. HP: 47/80 MP: 0/0
 10552 | D:7      | Noticed an unseen horror
 10555 | D:7      | Reached skill level 10 in Fighting
 10560 | D:7      | Killed an unseen horror
 10561 | D:7      | Reached skill level 5 in Dodging
 10562 | D:7      | Killed a purple ugly thing
 10567 | D:7      | Killed a purple ugly thing
 10852 | D:8      | Noticed a manticore
 10865 | D:8      | Killed a manticore
 11023 | D:8      | Found a shimmering altar of Xom.
 11064 | D:8      | Found an opulent altar of Gozag.
 11073 | D:8      | Noticed a death yak
 11073 | D:8      | Noticed a death yak
 11086 | D:8      | Noticed a death yak
 11096 | D:8      | Killed a death yak
 11121 | D:8      | Killed a death yak
 11122 | D:8      | Reached skill level 11 in Fighting
 11122 | D:8      | Reached XP level 11. HP: 13/87 MP: 0/0
 11122 | D:8      | Learned a level 4 spell: Dispel Undead
 11122 | D:8      | Killed a death yak
 11540 | D:8      | Found an iron altar of Okawaru.
 11943 | D:8      | Found a staircase to the Lair.
 12619 | D:9      | Noticed Psyche
 12627 | D:9      | Killed Psyche
 12943 | D:9      | Identified the +3 chain mail of Kuteteg {rC- Dex+5 SInv}
 13342 | D:9      | Noticed a two-headed ogre
 13351 | D:9      | Killed a two-headed ogre
 13543 | D:9      | Found a burning altar of Makhleb.
 13543 | D:9      | Found a broken altar of Ashenzari.
 13605 | D:9      | Found a blossoming altar of Fedhas.
 13669 | D:9      | Became a worshipper of Makhleb the Destroyer
 13979 | D:9      | Found a runed translucent gate.
 13979 | D:9      | Found a runed translucent gate.
 13981 | D:9      | Found a runed translucent gate.
 13981 | D:9      | Noticed Manareshi's ghost (novice HOFi)
 13981 | D:9      | Noticed dickylongcocking's ghost (novice DjSu)
 14405 | D:9      | Killed dickylongcocking's ghost
 14406 | D:9      | Reached skill level 1 in Evocations
 14763 | D:9      | Killed Manareshi's ghost
 15052 | D:10     | Entered Level 10 of the Dungeon
 15212 | D:10     | Noticed a two-headed ogre
 15215 | D:10     | Noticed a skeletal warrior
 15217 | D:10     | Noticed a skeletal warrior
 15251 | D:10     | Reached skill level 12 in Fighting
 15251 | D:10     | Reached XP level 12. HP: 56/95 MP: 0/0
 15283 | D:10     | Killed a skeletal warrior
 15296 | D:10     | Killed a skeletal warrior
 15518 | D:10     | Noticed a skeletal warrior
 15532 | D:10     | Killed a skeletal warrior
 15939 | D:10     | Noticed Josephine
 15966 | D:10     | Killed Josephine
 15972 | D:10     | Noticed a two-headed ogre
 16508 | D:10     | Reached * piety under Makhleb
 16509 | D:10     | Reached skill level 10 in Dodging
 16709 | D:10     | Killed a two-headed ogre
 17087 | D:10     | Noticed a boulder beetle
 17098 | D:10     | Killed a boulder beetle
 17530 | D:10     | Noticed Erica
 17534 | D:10     | Killed Erica
 17535 | D:10     | Reached skill level 5 in Evocations
 17906 | D:10     | Found a staircase to the Orcish Mines.
 18049 | D:10     | Reached XP level 13. HP: 82/102 MP: 0/0
 18049 | D:10     | Learned a level 5 spell: Borgnjor's Vile Clutch
 18194 | D:10     | Reached ** piety under Makhleb
 18425 | Lair:1   | Entered Level 1 of the Lair of Beasts
 18703 | Lair:1   | Reached skill level 13 in Fighting
 19560 | Lair:1   | Noticed a six-headed hydra
 19565 | Lair:1   | Killed a six-headed hydra
 19844 | Lair:1   | Noticed a seven-headed hydra
 19851 | Lair:1   | Killed a seven-headed hydra
 20234 | Lair:2   | Noticed Gastronok
 20301 | Lair:2   | Killed Gastronok
 20321 | Lair:2   | Found a staircase to the Swamp.
 20343 | Lair:2   | Noticed a six-headed hydra
 20351 | Lair:2   | Killed a six-headed hydra
 20426 | Lair:2   | Found a dark tunnel.
 20436 | Volcano  | Entered a volcano
 20723 | Volcano  | Noticed a red draconian
 20772 | Volcano  | Killed a red draconian
 20773 | Volcano  | Reached skill level 10 in Spellcasting
 20773 | Volcano  | Reached XP level 14. HP: 41/111 MP: 0/0
 21078 | Volcano  | Reached *** piety under Makhleb
 21727 | Lair:2   | Reached skill level 14 in Fighting
 22490 | Lair:3   | Reached **** piety under Makhleb
 23391 | Lair:3   | Found a snail-covered altar of Cheibriados.
 24174 | Lair:4   | Noticed Rupert
 24185 | Lair:4   | Killed Rupert
 24582 | Lair:4   | Found a hole to the Spider Nest.
 25633 | Lair:5   | Reached XP level 15. HP: 112/118 MP: 0/0
 25633 | Lair:5   | Learned a level 6 spell: Eringya's Noxious Bog
 26514 | Lair:5   | Identified the +4 ring mail of Somewhere Else {Will+ Str+8
                  | Dex-5 SInv}
 26520 | Lair:6   | Entered Level 6 of the Lair of Beasts
 26800 | Lair:6   | Reached skill level 15 in Fighting
 26808 | Lair:6   | HP: 6/120 [cane toad (21)]
 28468 | Lair:6   | Found a staircase to the Slime Pits.
 28837 | Lair:6   | Found a burning altar of Makhleb.
 28848 | Lair:6   | Reached ***** piety under Makhleb
 29148 | Lair:6   | Found a gateway to Hell.
 29738 | Orc:1    | Entered Level 1 of the Orcish Mines
 30350 | Orc:2    | Entered Level 2 of the Orcish Mines
 30485 | Orc:2    | Noticed dolemite99's ghost (journeyman MiFi)
 30487 | Orc:2    | Found a transporter.
 31272 | Orc:2    | Noticed an orc warlord
 31282 | Orc:2    | Reached skill level 5 in Armour
 31284 | Orc:2    | Killed an orc warlord
 31285 | Orc:2    | Reached XP level 16. HP: 84/127 MP: 0/0
 31290 | Orc:2    | Paralysed by an orc sorcerer for 2 turns
 31642 | Orc:2    | Found Goyse's General Store.
 31696 | Orc:2    | Bought a scroll of identify for 28 gold pieces
 31697 | Orc:2    | Bought a scroll of enchant armour for 105 gold pieces
 31893 | Orc:2    | Found a transporter.
 31931 | Orc:2    | Found Jeruhel's Jewellery Boutique.
 31936 | Orc:2    | Found Voptuck's Antique Armour Boutique.
 31962 | Orc:2    | Bought the ring "Inaot" {rPois rF+ rN+++ Str+6 Stlth-} for
                  | 889 gold pieces
 32087 | Orc:2    | Found a staircase to the Elven Halls.
 32348 | Orc:2    | Found Davoab's Antique Weapon Boutique.
 32504 | Orc:2    | Bought a glowing helmet for 232 gold pieces
 33418 | D:11     | Noticed Fannar
 33424 | D:11     | Killed Fannar
 34166 | D:11     | Reached skill level 16 in Fighting
 35217 | D:12     | You are sucked into a shaft and drop 2 floors!
 35239 | D:14     | Reached ****** piety under Makhleb
 36039 | D:14     | Reached skill level 1 in Shields
 36413 | D:15     | Entered Level 15 of the Dungeon
 36977 | D:15     | Reached skill level 10 in Armour
 37119 | D:15     | Found a staircase to the Depths.
 37269 | D:15     | Reached XP level 17. HP: 119/133 MP: 0/0
 37269 | D:15     | Learned a level 6 spell: Statue Form
 37624 | D:13     | Found a gate to the Vaults.
 37624 | D:13     | Noticed Urug
 37633 | D:13     | Killed Urug
 39361 | D:13     | Found a runed translucent door.
 39361 | D:13     | Identified the +5 trident "Lifebane" {vorpal, rElec rC-
                  | Dex+5}
 39365 | D:13     | Noticed Ticluibe's ghost (journeyman SpEn)
 39776 | D:13     | Killed Ticluibe's ghost
 40386 | Spider:1 | Entered Level 1 of the Spider Nest
 43265 | Spider:3 | Reached XP level 18. HP: 121/139 MP: 0/0
 44053 | Spider:3 | Identified the +6 scythe "Roigaset" {venom, rC+ Dex+3}
 45080 | Spider:4 | Entered Level 4 of the Spider Nest
 46666 | Spider:4 | Reached skill level 15 in Spellcasting
 47066 | Spider:4 | Reached skill level 5 in Stealth
 47344 | Spider:4 | Reached XP level 19. HP: 100/145 MP: 0/0
 47344 | Spider:4 | Learned a level 6 spell: Shadow Creatures
 48019 | Spider:4 | Got a gossamer rune of Zot
 48241 | Swamp:1  | Entered Level 1 of the Swamp
 51306 | Swamp:4  | Entered Level 4 of the Swamp
 51810 | Swamp:4  | Noticed the 27-headed Lernaean hydra
 51813 | Swamp:4  | Killed the 27-headed Lernaean hydra
 51853 | Swamp:4  | Reached XP level 20. HP: 93/151 MP: 0/0
 52666 | Swamp:4  | Got a decaying rune of Zot
 52978 | Vaults:1 | Entered Level 1 of the Vaults
 54338 | Vaults:1 | Found Xufyscho's Jewellery Emporium.
 56149 | Vaults:2 | Reached skill level 17 in Fighting
 56749 | Vaults:2 | Reached XP level 21. HP: 59/160 MP: 0/0
 56749 | Vaults:2 | Learned a level 8 spell: Necromutation
 57840 | Vaults:2 | Found a staircase to the Crypt.
 58610 | Vaults:3 | Reached skill level 18 in Fighting
 59829 | Vaults:3 | Noticed Asterion
 59845 | Vaults:3 | HP: 5/164 [Executioner[Asterion] (4)]
 59847 | Vaults:3 | Slain by an Executioner

Illustrated notes

Levels and vault maps discovered:
D:1:      nzn_arrival_crosshair, layout_basic,
          hellmonk_ecumenical_altar_zigzags, chequers_serial_rivers_small_3,
          minmay_indecisive_spiral
D:2:      layout_basic
D:3:      minmay_roachtagon, layout_loops_cross, lemuel_tele_altar,
          minmay_between, uniq_grinder, uniq_robin
D:4:      cheibrodos_old_hovel, layout_loops_ring
D:5:      layout_loops_corners, nicolae_tso_besieged_by_evil,
          gup_sewer_entry_spiral
D:6:      layout_cave_pods, nicolae_overflow_crystal_walls,
          minmay_joined_circles, uniq_maggie
D:7:      gammafunk_corrupted_shrine, layout_loops_ring,
          nicolae_hepliaklqana_hazy_memory,
          minmay_temple_entry_statues_fountains
D:8:      layout_loops_ring, dk_xom_monty_hall, okawaru_ov_weapons_minmay,
          grunt_gozag_statues, dpeg_lair_monsters
D:9:      layout_small_grid, fedhas_ov_isle_minmay,
          gammafunk_temple_overflow_statue, gammafunk_ghost_cemetery,
          uniq_psyche
D:10:     minmay_s_stair_smasher, layout_basic, hiddenorc1_lemuel,
          uniq_josephine, uniq_erica
D:11:     layout_basic, uniq_fannar
D:12:     layout_basic, einodemon_barbed_minivault
D:13:     layout_basic, david_vaults_3, ebering_ghost_funeral_grove,
          gauntlet_entry_generic
D:14:     layout_basic, hangedman_decor_diamond_cutter
D:15:     grunt_enter_depths_magical_seal, layout_gridville, nrook_mini_vaults
Temple:   minmay_temple_bridge_abc
Lair:1:   layout_cave_pods, guppyfry_lair_drakes, serial_bayou_shore_b
Lair:2:   lemuel_slime, layout_gridlike, minmay_swamp_entry_worms,
          nicolae_volcano_entry_batcave, uniq_gastronok
Lair:3:   layout_small_grid, kennysheep_snail_temple
Lair:4:   layout_loops_ring, nicolae_spider_entry_non_spiders,
          chequers_serial_rivers_micro_a, serial_bayou_shore_a,
          grunt_megastairs_3, uniq_rupert
Lair:5:   layout_loops_ring
Lair:6:   evil_forest, layout_small_grid, minmay_slime_entry_pillars,
          lemuel_fruit_fields
Swamp:1:  layout_basic_swamp, evilmike_swamp_ruin_rubble_2, swamp_pool1
Swamp:2:  layout_falls_marsh, evilmike_swamp_ruin_wall
Swamp:3:  layout_basic_swamp, hangedman_swamp_ruin_wall, swamp_pool4
Swamp:4:  swamp_old_school, layout_basic_swamp, infiniplex_staircase_pool
Spider:1: layout_chambers
Spider:2: layout_spider_delve
Spider:3: layout_spider_delve, nicolae_spider_cling_halls
Spider:4: floodkiller_spider_rune_tomb
Orc:1:    layout_caves
Orc:2:    grunt_orc_cross, layout_caves, gammafunk_ghost_smash
Vaults:1: ontoclasm_vaults_ring_large, hangedman_vaults_nails, v_pattern_4,
          ontoclasm_vaults_gateway, vaults_room_door_hall, vaults_room_fours,
          nicolae_vaults_three_branches, hangedman_vaults_restitches,
          layout_vaults_quadrants, serial_shops, shop
Vaults:2: minmay_crypt_entry_skeletal_spiral, st_diamondy, v_pattern_3,
          vaults_room_corners, nicolae_vaults_little_ls, hangedman_vaults_snaps,
          vaults_room_hallway, nicolae_vaults_circle_grid_b,
          nicolae_vaults_big_angled_halls, nicolae_vaults_little_squares_1,
          vaults_room_fours, ontoclasm_vaults_fault, v_misc_17,
          hangedman_vaults_unwind, layout_vaults_omnibox
Vaults:3: ontoclasm_vaults_hangar, v_rooms_1, nicolae_vaults_little_squares_3,
          vaults_mumra_chevron_long, nicolae_vaults_circle_grid_a,
          nicolae_vaults_little_squares_6, v_misc_23, vaults_room_corners,
          v_misc_28, v_pattern_5, ontoclasm_vaults_twist,
          hangedman_vaults_slice, v_misc_15, ontoclasm_vaults_ligature,
          nicolae_vaults_mini_display_case, layout_vaults_maze_snakey,
          uniq_asterion

Skill      XL: |  1  2  3  4  5  6  7  8  9 10 11 12 13 14 15 16 17 18 19 20 21 |
---------------+----------------------------------------------------------------+-----
Fighting       | 1 2 3 4 6 7 8 9 11 12 13 14 15 16 17 18 | 18.4
Spellcasting   | 3 5 6 7 8 9 10 11 12 14 15 16 17 | 17.5
Armour         | 2 5 10 12 | 12.5
Dodging        | 4 7 9 10 12 13 14 | 14.0
Evocations     | 2 5 7 |  7.5
Shields        | 4 |  4.0
Stealth        | 5 9 |  9.3

Action                   |  1- 3 |  4- 6 |  7- 9 | 10-12 | 13-15 | 16-18 | 19-21 || total
-------------------------+-------+-------+-------+-------+-------+-------+-------++-------
Melee: Unarmed           |     1 |       |       |       |       |       |       ||     1
       Staff             |     1 |     6 |    39 |    12 |    15 |     6 |     8 ||    87
 Cast: Foxfire           |   111 |   109 |   329 |    37 |     4 |    12 |     2 ||   604
       Inner Flame       |       |     3 |    15 |    61 |    76 |    49 |    42 ||   246
       Shock             |       |     3 |     3 |    20 |       |    59 |       ||    85
       Call Imp          |       |     1 |     2 |    41 |     8 |     1 |     3 ||    56
       Sticky Flame      |       |       |     7 |    43 |    73 |   152 |    86 ||   361
       Conjure Flame     |       |       |     1 |     1 |       |       |       ||     2
       Fireball          |       |       |       |    72 |   182 |   390 |   348 ||   992
       Borgnjor's Vile C |       |       |       |       |   115 |    67 |    77 ||   259
       Eringya's Noxious |       |       |       |       |    11 |     2 |     4 ||    17
       Corpse Rot        |       |       |       |       |     3 |       |     1 ||     4
       Statue Form       |       |       |       |       |       |     2 |     4 ||     6
       Dispel Undead     |       |       |       |       |       |    16 |    45 ||    61
       Shadow Creatures  |       |       |       |       |       |       |    18 ||    18
       Necromutation     |       |       |       |       |       |       |     6 ||     6
 Abil: End Transformatio |       |       |       |       |       |     1 |       ||     1
Evoke: Wand              |       |       |       |    12 |    17 |     3 |     3 ||    35
       Phantom mirror    |       |       |       |     1 |     2 |       |     1 ||     4
  Use: Potion            |       |       |     1 |     4 |     6 |     3 |     5 ||    19
       Scroll            |       |       |     9 |     6 |     9 |    14 |     8 ||    46
 Stab: Sleeping          |       |       |     1 |       |       |       |       ||     1
Armor: Robe              |     8 |    10 |    24 |       |       |       |       ||    42
       Acid dragon scale |       |       |    32 |    36 |    58 |     1 |       ||   127
       Storm dragon scal |       |       |       |       |       |   398 |   255 ||   653
Dodge: Dodged            |    28 |    21 |   136 |   145 |   255 |   486 |   273 ||  1344
Block: Buckler           |       |       |       |       |       |   107 |    88 ||   195

Table legend: (Time is in decaauts)
 A = Elapsed time spent in this place.
 B = Non-inter-level travel time spent in this place.
 C = Inter-level travel time spent in this place.
 D = Time resting spent in this place.
 E = Time spent auto-exploring this place.
 F = Levels seen in this place.
 G = Mean time per level.
                   A        B        C        D        E       F      G
               +--------+--------+--------+--------+--------+-----+--------+
         Total |  59945 |  57072 |   2873 |  11932 |  37608 |  36 | 1665.1 |
       Dungeon |  26358 |  24922 |   1436 |   4887 |  16731 |  15 | 1757.2 |
        Temple |    223 |    223 |      0 |      0 |    183 |   1 |  223.0 |
          Lair |  11119 |  10381 |    738 |   2820 |   6407 |   6 | 1853.2 |
         Swamp |   4538 |   4370 |    168 |    341 |   3467 |   4 | 1134.5 |
   Spider Nest |   7535 |   7232 |    303 |   1711 |   4524 |   4 | 1883.8 |
  Orcish Mines |   2514 |   2415 |     99 |    709 |   1260 |   2 | 1257.0 |
        Vaults |   6876 |   6747 |    129 |   1359 |   4488 |   3 | 2292.0 |
       Volcano |    777 |    777 |      0 |    105 |    548 |   1 |  777.0 |
               +--------+--------+--------+--------+--------+-----+--------+

Top non-repeatable levels by time:
    D:10: 3708 daAuts
Vaults:2: 2931 daAuts
     D:9: 2895 daAuts
Vaults:1: 2654 daAuts
Spider:3: 2570 daAuts
Spider:4: 2349 daAuts
    D:13: 2279 daAuts
  Lair:6: 2239 daAuts
  Lair:1: 2182 daAuts
     D:5: 2108 daAuts
     D:8: 2107 daAuts
  Lair:4: 2099 daAuts
  Lair:5: 1837 daAuts
     D:3: 1771 daAuts
     D:1: 1741 daAuts
